 Dungeon Crawl Stone Soup version 0.29-a0-817-g9904bce7a6 (webtiles) character file.

Game seed: 14296454064174835073

194496 buhh the Warrior (level 18, -7/180 HPs)
             Began as an Octopode Transmuter on July 5, 2022.
             Was a High Priest of Cheibriados.
             Mangled by an alligator (17 damage)
             ... called by a spriggan druid
             ... on level 4 of the Swamp.
             The game lasted 01:09:20 (46982 turns).

buhh the Warrior (Octopode Transmuter)             Turns: 46982, Time: 01:09:21

Health: -7/180     AC: 30    Str: 20    XL:     18   Next: 30%
Magic:  18/27      EV: 24    Int: 33    God:    Cheibriados [*****.]
Gold:   1403       SH: 15    Dex: 25    Spells: 8/27 levels left

rFire   + + +      SeeInvis .     - Unarmed
rCold   . . .      Faith    .   a - +3 buckler
rNeg    + . .      Spirit   .   (helmet restricted)
rPois   ∞          Reflect  +   x - amulet of reflection
rElec   +          Harm     .   j - ring of protection from fire
rCorr   +          Rampage  .   S - ring of Zin's Pride {Wiz rElec rPois rC-}
Will    +....                   W - ring of protection from fire
Stlth   ++++++....              m - +4 ring of slaying
HPRegen 0.40/turn               y - ring "Hoawib" {Wiz +Blink rPois rCorr}
MPRegen 0.20/turn               A - ring of resist corrosion
                                C - ring of protection from cold
                                d - ring of protection from fire

@: brilliant, about to teleport, statue-form, marked, studying Necromancy, very
slow
A: slow and powerful, torment resistance 1, boosted hp, almost no armour,
amphibious, 8 rings, camouflage 1, (gelatinous body 1), (nimble swimmer 1),
tentacles
}: 1/15 runes: serpentine
a: End Transformation, Renounce Religion, Evoke Blink, Bend Time, Temporal
Distortion, Slouch, Step From Time


You were on level 4 of the Swamp.
You worshipped Cheibriados.
Cheibriados was extremely pleased with you.
You were a living statue of rough stone.
You visited 6 branches of the dungeon, and saw 31 of its levels.
You also visited: Gauntlet.

You collected 3438 gold pieces.
You spent 2035 gold pieces at shops.

Inventory:

Missiles
 D - 16 curare-tipped darts
Armour
 a - a +3 buckler (worn)
Jewellery
 b - the necklace of Bloodlust {*Rage Will++ Int-3 Slay+6}
   (You found it on level 2 of the Swamp)

   [amulet of nothing]

   It extends the wearer's berserk rage when killing foes.
   Int:       It affects your intelligence (-3).
   Slay:      It affects your accuracy & damage with ranged weapons and melee
   (+6).
   *Rage:     It berserks you when you make melee attacks (+50% chance).
   Will:      It greatly increases your willpower.
 d - a ring of protection from fire (on tentacle)
 i - a +4 ring of evasion
 j - a ring of protection from fire (left tentacle)
 m - a +4 ring of slaying (on tentacle)
 p - a ring of willpower
 x - an amulet of reflection (around mantle)
 y - the ring "Hoawib" (on tentacle) {Wiz +Blink rPois rCorr}
   (You bought it in a shop on level 3 of the Snake Pit)

   [ring of wizardry]

   It improves your spell success rate.
   rPois:     It protects you from poison.
   +Blink:    It lets you blink.
   rCorr:     It protects you from acid and corrosion.
 A - a ring of resist corrosion (on tentacle)
 B - a +6 ring of dexterity
 C - a ring of protection from cold (on tentacle)
 S - the ring of Zin's Pride (right tentacle) {Wiz rElec rPois rC-}
   (You found it on level 9 of the Dungeon)

   [ring of wizardry]

   It improves your spell success rate.
   rC:        It makes you vulnerable to cold.
   rElec:     It insulates you from electricity.
   rPois:     It protects you from poison.
 W - a ring of protection from fire (on tentacle)
Wands
 f - a wand of flame (48)
 n - a wand of iceblast (25)
 v - a wand of digging (9)
 z - a wand of mindburst (40)
 E - a wand of paralysis (28)
 G - a wand of quicksilver (16)
 I - a wand of polymorph (10)
Scrolls
 g - 5 scrolls of identify {!d}
 s - a scroll of silence {!r}
 t - 10 scrolls of teleportation {!d}
 P - 7 scrolls of magic mapping {!r!d}
 Q - 6 scrolls of fog
 T - 5 scrolls of immolation {!d}
 X - a scroll of amnesia
 Y - a scroll of poison
 Z - 5 scrolls of enchant armour
Potions
 h - a potion of berserk rage {!q}
 k - 8 potions of flight
 r - a potion of ambrosia {unknown}
 w - 4 potions of attraction
 H - a potion of invisibility {!q!d}
 J - 4 potions of magic {!q!d}
 K - a potion of brilliance {!q!d}
 L - 3 potions of cancellation {unknown}
 U - 6 potions of mutation {!d}
Miscellaneous
 V - a lightning rod (4/4)


   Skills:
 - Level 17.2 Fighting
 + Level 13.8 Dodging
 - Level 10.0 Stealth
 * Level 5.1 Shields
 + Level 13.8 Unarmed Combat
 - Level 5.0 Spellcasting
 * Level 12.1 Transmutations
 - Level 7.0 Ice Magic
 - Level 10.0 Earth Magic
 - Level 2.0 Poison Magic
 - Level 13.0 Invocations


You had 8 spell levels left.
You knew the following spells:

 Your Spells              Type           Power      Damage    Failure   Level
a - Statue Form           Tmut/Erth      59%        N/A       2%          6
b - Wereblood             Tmut           93%        N/A       1%          2
c - Leda's Liquefaction   Hex/Erth       29%        N/A       2%          4
d - Ozocubu's Armour      Ice            69%        N/A       1%          3
e - Ice Form              Ice/Tmut       82%        N/A       1%          4

Your spell library contained the following spells:

 Spells                   Type           Power      Damage    Failure   Level
 Apportation              Tloc           24%        N/A       1%          1
 Beastly Appendage        Tmut           100%       N/A       1%          1
 Magic Dart               Conj           48%        1d5       1%          1
 Necrotise                Necr           48%        1d6       1%          1
 Sting                    Tmut/Pois      100%       1d8       1%          1
 Summon Small Mammal      Summ           48%        N/A       1%          1
 Poisonous Vapours        Pois/Air       44%        N/A       1%          2
 Ignite Poison            Fire/Tmut/Pois 56%        N/A       1%          3
 Spider Form              Tmut/Pois      70%        N/A       1%          3
 Petrify                  Tmut/Erth      89%        N/A       1%          4
 Searing Ray              Conj           24%        2d5       2%          2
 Static Discharge         Conj/Air       12%        3-5/arc   2%          2
 Yara's Violent Unravell  Hex/Tmut       32%        3d13      4%          5
 Call Canine Familiar     Summ           12%        N/A       5%          3
 Confusing Touch          Hex            12%        N/A       5%          3
 Gell's Gravitas          Tloc           12%        N/A       5%          3
 Lesser Beckoning         Tloc           12%        N/A       5%          3
 Portal Projectile        Hex/Tloc       24%        N/A       5%          3
 Summon Guardian Golem    Hex/Summ       12%        N/A       5%          3
 Teleport Other           Tloc           12%        N/A       5%          3
 Borgnjor's Vile Clutch   Necr/Erth      29%        N/A       6%          5
 Olgreb's Toxic Radiance  Pois           32%        N/A       7%          4
 Metabolic Englaciation   Hex/Ice        23%        N/A       11%         5
 Eringya's Noxious Bog    Tmut/Pois      35%        N/A       13%         6
 Animate Dead             Necr           12%        N/A       16%         4
 Dispel Undead            Necr           12%        3d9       16%         4
 Fulminant Prism          Conj/Hex       6%         3d7       16%         4
 Sticky Flame             Conj/Fire      12%        2d4       16%         4
 Summon Forest            Summ/Tloc      6%         N/A       38%         5
 Ozocubu's Refrigeration  Ice            34%        4d11      54%         7
 Death Channel            Necr           6%         N/A       89%         6
 Enfeeble                 Hex            6%         N/A       100%        7
 Orb of Destruction       Conj           6%         9d6       100%        7
 Spellforged Servitor     Conj/Summ      6%         N/A       100%        7
 Summon Hydra             Summ           6%         N/A       100%        7


Dungeon Overview and Level Annotations

Branches:
Dungeon (14/15) Zot: 37066  Temple (1/1) D:5 Zot: 8887    Lair (6/6) D:8 Zot: 35157
  Swamp (4/4) Lair:4 Zot: 27549   Snake (4/4) Lair:4 Zot: 24451   Slime (0/5) Lair:5
    Orc (2/2) D:11 Zot: 14871     Elf (0/3) Orc:2        Vaults (0/5) D:14
Gauntlet (visited)

Altars:
Ashenzari
Cheibriados
Elyvilon
Fedhas
Gozag
Hepliaklqana
Kikubaaqudgha
Makhleb
Nemelex Xobeh
Okawaru
Qazlal
Ru
Sif Muna
Trog
Uskayaw
Vehumet
Wu Jian
Xom
Yredelemnul
Zin
The Shining One

Shops:
D:3 [   D:4 :   D:5 *   D:8 (   Snake:1 [=(:   Snake:3 ==   Snake:4 =

Annotations:
D:3 exclusion: hobgoblin, Grinder
D:7 1 exclusion
D:13 1 exclusion, Jorgrun
Lair:4 3 runed translucent doors, pigah's ghost, journeyman OpAE
Lair:5 3 runed translucent doors, exclusion: 4 oklob plants, Devyomi's ghost, journeyman GrBe
Lair:6 2 runed translucent doors
Swamp:4 Nikola
Orc:2 Saint Roka


Innate Abilities, Weirdness & Mutations

You are a living statue of rough stone.
Your actions are slow, but your melee attacks are powerful.
You are resistant to unholy torment.
Your maximum health is greatly increased.
You are immune to poison.
You cannot wear most types of armour.
You are amphibious.
You can wear up to eight rings at the same time.
Your skin changes colour to match your surroundings (Stealth+).
((Your rubbery body absorbs attacks. (AC +1, EV +1)))
((You are camouflaged when in or above water. (Stealth+)))
You have tentacles for arms and can constrict up to eight enemies at once.


Message History

The swamp dragon claws your six-headed hydra.
The swamp dragon barely misses your six-headed hydra.
The swamp dragon bites your eleionoma!
The swamp dragon barely misses your eleionoma.
The swamp dragon tramples your eleionoma.
Your eleionoma holds its ground!
The swamp drake breathes poison at you.
The noxious blast engulfs the alligator but does no damage.
The alligator looks as sick as possible!
The swamp worm is engulfed in poison gas.
The swamp worm looks as sick as possible!
The alligator is engulfed in poison gas.
The alligator is poisoned.
The alligator is engulfed in poison gas.
The alligator looks even sicker.
Your eleionoma hurls a spray of splinters at the swamp dragon.
The spray of wooden splinters hits the eight-headed hydra!!
The spray of wooden splinters hits the swamp dragon!!
The alligator is engulfed in noxious fumes.
The alligator is engulfed in poison gas.
The alligator looks even sicker.
The swamp dragon barely misses your eleionoma. x2
The swamp dragon tramples your eleionoma!
Your eleionoma holds its ground!
The swamp dragon barely misses your six-headed hydra.
The swamp dragon claws your six-headed hydra.
The swamp dragon barely misses your six-headed hydra.
Your six-headed hydra bites the swamp dragon.
Your six-headed hydra closely misses the swamp dragon.
Your six-headed hydra bites the swamp dragon. x2
Your six-headed hydra bites the swamp dragon!
The swamp dragon dies!
Cheibriados thoroughly appreciates the change of pace.
The swamp dragon scales are intact enough to wear.
The swamp dragon breathes poison at you.
The blast of poison engulfs you but does no damage.
You resist.
The alligator is engulfed in noxious fumes.
The alligator bites you!
You die...

≈≈.§♣♣♣♣D≈°≈≈.≈≈≈§.≈≈≈DDD≈≈.≈♣
.≈≈f....≈≈°≈D≈.........k≈k.≈♣♣
≈§≈D.<.≈.≈≈≈≈≈≈♣♣♣.....≈...≈♣♣
≈≈..≈≈.♣.≈≈.♣♣♣♣ ♣♣$♣♣♣♣♣...≈♣♣
♣.≈≈≈≈...≈≈.♣ ♣♣♣♣.♣♣k..♣.♣♣
D...≈≈≈..D≈k♣ ♣♣♣ ♣...♣...$..♣♣
♣♣♣.≈≈≈..≈≈≈♣ ♣♣§♣♣ ♣♣≈..÷.♣.≈...
♣♣♣[≈k≈≈≈≈≈.♣ ♣☼☼§♣ ♣[.≈.k.≈.≈..≈
≈♣≈..≈≈♣♣.≈♣♣♣♣♣8§♣♣♣♣..≈.≈.≈≈.$.
...≈≈≈≈♣♣...≈♣DDt°D♣♣k♣≈♣≈.♣♣≈.♣♣
..≈≈..[♣♣♣≈§°≈°DD☼R☼i°...≈.♣ ..♣
.≈≈≈♣≈≈≈♣♣♣♣§☼§○w☼☼D≈##.##≈. ..♣
....≈.≈♣≈♣ ♣§§☼vt≈☼♣##.. ##♣≈ ♣
≈....♣♣♣≈♣ ♣♣§♣§k○°# . ≈ ≈≈≈≈≈≈♣
♣ ♣♣§§○♣♣# ≈ ≈≈≈≈≈.♣ §○☼# ≈≈≈§.♣♣
≈..♣#


You could see 2 alligators, an eight-headed hydra, a seven-headed hydra, 3 swamp
dragons, a spriggan druid, a will-o-the-wisp, a swamp worm (extremely poisoned),
a swamp drake (catching breath), a friendly eleionoma (summoned) and a friendly
six-headed hydra (summoned).

Vanquished Creatures
  Bai Suzhen (Swamp:3)
  Mlioglotl (Swamp:3)
  3 tentacled monstrosities
  Kirke (Lair:4)
  Roxanne (D:14)
  2 fenstrider witches
  6 nagarajas
  An orc warlord (Orc:1)
  Aizul (Swamp:3)
  6 eleionomae
  A minotaur (Gauntlet)
  8 bunyips
  Snorg (Lair:4)
  A shambling mangrove (Swamp:2)
  A great orb of eyes (Gauntlet)
  4 boulder beetles
  A ghost crab (Swamp:3)
  20 hydras
  4 vault guards (D:14)
  Erolcha (D:9)
  4 salamander tyrants
  A centaur warrior (D:14)
  8 anacondas
  2 two-headed ogres
  7 alligators
  A death knight (D:13)
  3 death yaks (Lair:5)
  7 naga warriors
  4 spriggan berserkers
  Urug (Lair:5)
  8 naga sharpshooters
  3 shock serpents (Snake:2)
  10 spriggans
  6 goliath frogs
  3 salamander mystics
  6 bog bodies
  4 naga ritualists
  A spriggan druid (Swamp:1)
  2 wizards (D:14)
  8 swamp dragons
  A lindwurm (Lair:6)
  A phantasmal warrior (D:12)
  An orc knight (D:14)
  3 deep elf pyromancers
  8 mana vipers
  4 necromancers (Orc:1)
  11 ugly things
  2 orc sorcerers
  8 will-o-the-wisps
  A manticore (D:11)
  15 salamanders
  2 large abominations (D:13)
  6 cyclopes
  Maurice (D:13)
  13 elephants
  23 black mambas
  3 gargoyles
  12 naga magi
  2 molten gargoyles (Lair:6)
  3 guardian serpents
  A torpor snail (Gauntlet)
  An unseen horror (D:13)
  A demonic crawler (Lair:1)
  13 cane toads
  16 komodo dragons
  A tengu conjurer (D:13)
  A polar bear (Lair:3)
  3 trolls
  5 tyrant leeches
  12 hornets
  23 blink frogs
  4 flying skulls (Gauntlet)
  3 shadows (D:11)
  25 yaks
  A water elemental (D:12)
  A wraith (D:13)
  A human (D:14)
  A steam dragon (Lair:6)
  2 vampires
  2 hogs (Lair:4)
  5 wyverns
  22 vampire mosquitoes
  6 basilisks
  38 nagas
  4 wargs
  17 swamp worms
  An acid dragon (D:9)
  13 water moccasins
  5 hell hounds (Lair:6)
  A swamp drake (Swamp:1)
  2 sky beasts
  An ice beast (D:7)
  A black bear (D:5)
  25 orc warriors
  3 centaurs
  11 wolves
  3 ogres
  3 phantoms
  3 kobold brigands
  2 cyclops zombies (Orc:1)
  2 necrophages (D:4)
  2 scorpions
  16 bullfrogs
  A gnoll sergeant (D:9)
  A water moccasin zombie (D:4)
  4 wights
  A warg zombie (Orc:1)
  A cyclops skeleton (Orc:1)
  3 troll zombies
  12 killer bees
  A warg skeleton (Orc:1)
  4 howler monkeys
  4 electric eels
  5 lava snakes (Lair:6)
  A centaur zombie (D:4)
  18 orc priests
  5 hounds
  4 jellies
  A human zombie (D:4)
  A gnoll bouda (Orc:1)
  A cyclops simulacrum (Orc:1)
  A scorpion zombie (D:4)
  Natasha (thrice) (D:3)
  27 orc wizards
  5 iguanas
  6 ogre zombies (D:11)
  3 hound zombies (D:4)
  2 mummies (D:4)
  8 gnolls
  4 adders
  2 shadow imps
  A white imp (D:5)
  3 worms (D:2)
  A dart slug (D:1)
  An orc simulacrum (Orc:1)
  70 orcs
  3 ball pythons
  7 bats
  11 endoplasms
  2 giant cockroaches
  5 goblins
  7 hobgoblins
  4 quokkas
  6 frilled lizards
  A goblin skeleton (D:11)
  A goblin zombie (D:11)
  A hobgoblin skeleton (D:12)
  4 hobgoblin zombies (D:11)
  23 kobolds
  7 orc skeletons
  18 orc zombies
  10 rats
892 creatures vanquished.

Vanquished Creatures (collateral kills)
  3 hydras (Swamp:4)
  2 swamp dragons (Swamp:4)
  A naga (Snake:1)
  2 swamp drakes (Swamp:4)
8 creatures vanquished.

Vanquished Creatures (others)
  A shock serpent (Snake:1)
  3 bloated husks
  6 humans
  A naga (Lair:4)
  A wolf (Lair:2)
  An orc wizard (D:12)
  53 foxfires
  31 fungi
  40 plants
137 creatures vanquished.

Grand Total: 1037 creatures vanquished

Notes
Turn   | Place    | Note
-------+----------+-------------------------------------------
     0 | D:1      | buhh the Octopode Transmuter began the quest for the Orb.
     0 | D:1      | Reached XP level 1. HP: 13/13 MP: 3/3
   380 | D:1      | Reached XP level 2. HP: 18/18 MP: 3/5
   666 | D:1      | Reached XP level 3. HP: 15/23 MP: 6/6
  1778 | D:2      | Reached XP level 4. HP: 28/28 MP: 5/7
  2175 | D:3      | Noticed Natasha
  2183 | D:3      | Killed Natasha
  2211 | D:3      | Noticed Natasha
  2214 | D:3      | Found Zuhopol's Antique Armour Shop.
  2463 | D:3      | Killed Natasha
  2464 | D:3      | Reached XP level 5. HP: 15/33 MP: 8/8
  2504 | D:3      | Noticed Natasha
  3159 | D:3      | Killed Natasha
  3587 | D:3      | Noticed Grinder
  3649 | D:3      | Found a faded altar of an unknown god.
  3724 | D:3      | Found a hide-covered altar of Uskayaw.
  3782 | D:3      | Found a stormy altar of Qazlal.
  3786 | D:3      | Learned a level 2 spell: Wereblood
  3790 | D:3      | Learned a level 3 spell: Spider Form
  4137 | D:4      | Reached XP level 6. HP: 36/38 MP: 7/9
  4183 | D:4      | Reached skill level 2 in Fighting
  4354 | D:4      | Reached XP level 7. HP: 35/45 MP: 8/10
  4477 | D:4      | Found an ancient bone altar of Kikubaaqudgha.
  4484 | D:4      | Reached skill level 3 in Fighting
  4953 | D:4      | Found Asokooka's Book Shop.
  5525 | D:5      | Entered Level 5 of the Dungeon
  5601 | D:5      | Found Butwugug's Assorted Antiques.
  5621 | D:5      | Bought a scroll labelled PIODANG ZUINES for 25 gold pieces
  5621 | D:5      | Bought a scroll of poison for 87 gold pieces
  5651 | D:5      | Reached skill level 4 in Fighting
  5787 | D:5      | Reached XP level 8. HP: 27/54 MP: 11/11
  6343 | D:5      | Reached skill level 5 in Fighting
  6461 | D:5      | Found a staircase to the Ecumenical Temple.
  6530 | Temple   | Entered the Ecumenical Temple
  6966 | D:6      | Found a glowing golden altar of the Shining One.
  8096 | D:7      | Found a shimmering altar of Xom.
  8586 | D:6      | Found a snail-covered altar of Cheibriados.
  8587 | D:6      | Found an ornate altar of the Wu Jian Council.
  8597 | D:6      | Reached skill level 6 in Fighting
  8603 | D:6      | Became a worshipper of Cheibriados the Contemplative
  8754 | D:7      | Reached XP level 9. HP: 45/62 MP: 8/12
  9119 | D:7      | Identified the +4 hand axe "Mudodoergh" {vorpal, rN++ Str+3
                  | Int-3}
  9232 | D:7      | Reached * piety under Cheibriados
  9403 | D:7      | Identified the +8 falchion of the Hungering Augurer {drain,
                  | rPois rN++ SInv Stlth-}
  9457 | D:7      | Learned a level 3 spell: Ozocubu's Armour
 10052 | D:8      | Found Jejap's Antique Weapon Boutique.
 10303 | D:8      | Reached ** piety under Cheibriados
 10580 | D:8      | Found a staircase to the Lair.
 10796 | D:8      | Found a hazy altar of Hepliaklqana.
 10884 | D:9      | Noticed a two-headed ogre
 10890 | D:9      | Killed a two-headed ogre
 10891 | D:9      | Reached XP level 10. HP: 68/68 MP: 10/13
 11387 | D:8      | Learned a level 4 spell: Ice Form
 11389 | Lair:1   | Entered Level 1 of the Lair of Beasts
 12078 | Lair:1   | Noticed a demonic crawler
 12195 | Lair:1   | Reached *** piety under Cheibriados
 12412 | Lair:1   | Noticed a cane toad
 12419 | Lair:1   | Killed a cane toad
 12549 | Lair:1   | Killed a demonic crawler
 13026 | Lair:2   | Reached skill level 7 in Fighting
 13026 | Lair:2   | Reached XP level 11. HP: 61/75 MP: 9/14
 13289 | Lair:2   | Noticed an eight-headed hydra
 13301 | Lair:2   | Killed an eight-headed hydra
 13311 | Lair:2   | Noticed a four-headed hydra
 13320 | Lair:2   | Killed a four-headed hydra
 14429 | Lair:3   | Reached **** piety under Cheibriados
 15138 | Lair:3   | Found a sparkling altar of Nemelex Xobeh.
 15529 | Lair:4   | Found a runed translucent gate.
 15529 | Lair:4   | Found a runed translucent gate.
 15529 | Lair:4   | Found a runed translucent gate.
 15530 | Lair:4   | Noticed an anaconda
 15531 | Lair:4   | Noticed pigah's ghost (journeyman OpAE)
 15569 | Lair:4   | Reached skill level 8 in Fighting
 15632 | Lair:4   | Noticed Kirke
 15648 | Lair:4   | Killed Kirke
 15649 | Lair:4   | Reached XP level 12. HP: 60/83 MP: 15/18
 15851 | Lair:4   | Found a staircase to the Snake Pit.
 16008 | Lair:4   | Noticed Snorg
 16008 | Lair:4   | Noticed a four-headed hydra
 16010 | Lair:4   | Noticed a five-headed hydra
 16017 | Lair:4   | Killed Snorg
 16024 | Lair:4   | Killed a four-headed hydra
 16256 | Lair:4   | Killed a five-headed hydra
 16507 | Lair:4   | Noticed a seven-headed hydra
 16512 | Lair:4   | Noticed a six-headed hydra
 16521 | Lair:4   | Killed a seven-headed hydra
 16525 | Lair:4   | Found a staircase to the Swamp.
 16903 | Lair:4   | Killed a six-headed hydra
 16904 | Lair:4   | Reached skill level 9 in Fighting
 17293 | Lair:5   | Reached ***** piety under Cheibriados
 17294 | Lair:5   | Noticed an eight-headed hydra
 17296 | Lair:5   | Noticed a death yak
 17377 | Lair:5   | Killed an eight-headed hydra
 17668 | Lair:5   | Noticed Urug
 17805 | Lair:5   | Found a runed translucent gate.
 17844 | Lair:5   | Reached skill level 11 in Invocations
 17863 | Lair:5   | Found a runed translucent gate.
 17863 | Lair:5   | Found a runed translucent gate.
 17890 | Lair:5   | Noticed Devyomi's ghost (journeyman GrBe)
 17937 | Lair:5   | Noticed a death yak
 17939 | Lair:5   | Noticed a death yak
 17942 | Lair:5   | Killed a death yak
 17943 | Lair:5   | Reached XP level 13. HP: 90/90 MP: 17/21
 18344 | Lair:5   | Killed Urug
 18695 | Lair:5   | Found a staircase to the Slime Pits.
 18983 | Lair:6   | Entered Level 6 of the Lair of Beasts
 19555 | Lair:6   | Reached skill level 10 in Fighting
 19789 | Lair:6   | Found a large runed translucent door.
 19790 | Lair:6   | Found a large runed translucent door.
 19790 | Lair:6   | Noticed a fire dragon
 21186 | Lair:6   | Reached XP level 14. HP: 99/99 MP: 20/23
 21206 | Lair:6   | Reached ****** piety under Cheibriados
 21207 | Lair:6   | Reached skill level 11 in Dodging
 21217 | Lair:6   | Reached skill level 11 in Fighting
 21221 | Lair:6   | Reached skill level 11 in Unarmed Combat
 22160 | Lair:1   | Identified the +3 leather armour of Qabregay {rN+ Will++
                  | Int+4}
 22413 | D:9      | Identified the ring of Zin's Pride {Wiz rElec rPois rC-}
 22643 | D:9      | Identified the +6 dagger of Untimely Demise {flame, Dex+3
                  | Stlth+}
 22895 | D:9      | Noticed Erolcha
 22910 | D:9      | Killed Erolcha
 23064 | D:10     | Entered Level 10 of the Dungeon
 23357 | D:10     | Found a sparkling altar of Nemelex Xobeh.
 24282 | D:11     | Found a staircase to the Orcish Mines.
 25501 | Orc:1    | Entered Level 1 of the Orcish Mines
 26081 | Orc:1    | Noticed an orc warlord
 26099 | Orc:1    | Killed an orc warlord
 26828 | Orc:2    | Entered Level 2 of the Orcish Mines
 26861 | Orc:2    | Noticed Saint Roka
 27164 | D:12     | Found a gate leading to a gauntlet.
 27173 | Gauntlet | Entered a Gauntlet
 27173 | Gauntlet | Found a transporter.
 27250 | Gauntlet | Found a transporter.
 27253 | Gauntlet | Found a transporter.
 27258 | Gauntlet | Found a runed translucent door.
 27261 | Gauntlet | Found a runed translucent door.
 27262 | Gauntlet | Found the ring of the Tortoise {AC+8}
 27264 | Gauntlet | Found a transporter.
 27267 | Gauntlet | Found a transporter.
 27275 | Gauntlet | Found a transporter.
 27296 | Gauntlet | Found a transporter.
 27303 | Gauntlet | Noticed a quicksilver ooze
 27307 | Gauntlet | Found a transporter.
 27318 | Gauntlet | Found a transporter.
 27337 | Gauntlet | Found a transporter.
 27340 | Gauntlet | Found a transporter.
 27351 | Gauntlet | Found a transporter.
 27400 | Gauntlet | Found a transporter.
 27418 | Gauntlet | Found a transporter.
 27723 | Gauntlet | Identified the amulet "Daotur" {Reflect Harm rPois rC-
                  | Str+4 SH+5}
 27735 | Gauntlet | Identified the +9 whip "Xaullug" {pain, rF+ Str+4 SInv
                  | Stlth+}
 27757 | Gauntlet | Identified the +3 whip of Gukkibb {flame, Int+4 Dex+4
                  | Stlth+}
 28007 | D:12     | Reached skill level 12 in Fighting
 28766 | D:12     | Reached XP level 15. HP: 108/108 MP: 21/24
 28843 | D:12     | Found the +3 pair of seven-league boots {Rampage+∞}
 29214 | Snake:1  | Entered Level 1 of the Snake Pit
 29474 | Snake:1  | Identified a scroll of acquirement
 29476 | Snake:1  | Acquired a manual of Fighting
 29597 | Snake:1  | Identified the +3 chain mail "Vufonk" {*Slow Fly rC+ Str+4}
 30065 | Snake:1  | Found Uhisai's Jewellery Shop.
 30108 | Snake:1  | Bought an amulet of reflection for 540 gold pieces
 30155 | Snake:1  | Found Enage's Antique Armour Shoppe.
 30177 | Snake:1  | Found Nuqointe's Book Boutique.
 30219 | Snake:1  | HP: 6/130 [salamander/+0 halberd (7)]
 30844 | Snake:1  | Found Nixtuj's Weapon Shop.
 30980 | Snake:1  | Bought a book of Sloth for 576 gold pieces
 31752 | Snake:2  | Reached skill level 13 in Fighting
 33478 | Orc:2    | Found a staircase to the Elven Halls.
 33578 | Orc:2    | Learned a level 6 spell: Statue Form
 34882 | D:13     | Noticed Maurice
 34908 | D:13     | Noticed Jorgrun
 35286 | D:13     | Killed Maurice
 35750 | D:14     | Identified Roxanne's Compilation of Transmutation
 35750 | D:14     | Noticed Roxanne
 36107 | D:14     | Reached XP level 16. HP: 117/117 MP: 12/25
 36811 | D:14     | Found a gate to the Vaults.
 37120 | D:14     | Killed Roxanne
 38308 | Snake:3  | Found Sominum's Jewellery Emporium.
 38308 | Snake:3  | Found Jaeraetu's Jewellery Shoppe.
 38329 | Snake:3  | Bought the ring "Hoawib" {Wiz +Blink rPois rCorr} for 807
                  | gold pieces
 38391 | Snake:3  | Found an iron altar of Okawaru.
 39249 | Snake:2  | Learned a level 4 spell: Leda's Liquefaction
 39560 | Snake:3  | Noticed a nagaraja
 39570 | Snake:3  | Killed a nagaraja
 39836 | Snake:4  | Entered Level 4 of the Snake Pit
 39963 | Snake:4  | Noticed a nagaraja
 40257 | Snake:4  | Noticed a nagaraja
 40264 | Snake:4  | Killed a nagaraja
 40578 | Snake:4  | Found Getuoc's Jewellery Shop.
 40727 | Snake:4  | Killed a nagaraja
 40872 | Snake:4  | Noticed a nagaraja
 40879 | Snake:4  | Killed a nagaraja
 40935 | Snake:4  | Noticed a nagaraja
 40942 | Snake:4  | Reached skill level 14 in Fighting
 40944 | Snake:4  | Killed a nagaraja
 40945 | Snake:4  | Reached XP level 17. HP: 101/125 MP: 10/26
 41212 | Snake:4  | Got a serpentine rune of Zot
 41416 | Swamp:1  | Entered Level 1 of the Swamp
 41492 | Swamp:1  | Reached skill level 15 in Fighting
 41560 | Swamp:1  | Identified the +1 scale mail "Vusorr" {Fly rCorr Stlth+}
 41579 | Swamp:1  | Acquired 908 gold pieces
 41930 | Swamp:1  | Reached skill level 16 in Fighting
 42452 | Swamp:2  | Reached skill level 17 in Fighting
 43604 | Swamp:2  | Noticed a tentacled monstrosity
 43609 | Swamp:2  | Killed a tentacled monstrosity
 43610 | Swamp:2  | Noticed a tentacled monstrosity
 43612 | Swamp:2  | Killed a tentacled monstrosity
 44229 | Swamp:2  | Found the necklace of Bloodlust {*Rage Will++ Int-3 Slay+6}
 44890 | Swamp:3  | Noticed Bai Suzhen
 45148 | Swamp:3  | Killed Bai Suzhen
 45149 | Swamp:3  | Reached skill level 11 in Transmutations
 45190 | Swamp:3  | Noticed Aizul
 45215 | Swamp:3  | Noticed a tentacled monstrosity
 45266 | Swamp:3  | Killed a tentacled monstrosity
 45312 | Swamp:3  | Killed Aizul
 45563 | Swamp:3  | Paralysed by a fenstrider witch for 4 turns
 45619 | Swamp:3  | Reached XP level 18. HP: 56/139 MP: 22/27
 46237 | Swamp:3  | Noticed Mlioglotl
 46245 | Swamp:3  | Killed Mlioglotl
 46722 | Swamp:4  | Entered Level 4 of the Swamp
 46854 | Swamp:4  | Noticed Nikola
 46981 | Swamp:4  | HP: 9/180 [swamp dragon (6)]
 46982 | Swamp:4  | Mangled by an alligator

Illustrated notes

Levels and vault maps discovered:
D:1:      wander_arrival_estate, layout_basic, hangedman_glass_teeth
D:2:      layout_basic
D:3:      kb_forest_paths, layout_basic, nicolae_overflow_ecumenical_swirl,
          mainiacjoe_overflow_swirl, serial_shops, nicolae_shop_crystal,
          amethyst_killhole, uniq_natasha, uniq_grinder
D:4:      layout_gridville, lemuel_mausoleum_altar_kikubaaqudgha, serial_shops,
          nicolae_inconvenience_store
D:5:      layout_basic, minmay_temple_entry_poolview, serial_shops,
          nicolae_shop_advertising_works [nicolae_subvault_shop_adworks],
          st_stairs_6
D:6:      layout_loops_ring, kennysheep_mini, nicolae_overflow_two_pavilions
D:7:      minmay_the_grid_square_5x5_3x3 [minmay_the_grid_square_5x5_n_small,
          minmay_the_grid_square_5x5_misaligned, minmay_the_grid_square_5x5_c,
          minmay_the_grid_square_5x5_moneybag,
          minmay_the_grid_square_5x5_megaprize_crossed,
          minmay_the_grid_square_5x5_longway,
          minmay_the_grid_square_5x5_almost_minimal,
          minmay_the_grid_square_5x5_half_checkered,
          minmay_the_grid_square_5x5_pentomino_r], layout_loops_ring,
          dk_xom_monty_hall, nrook_mini_backslash
D:8:      layout_rooms, nicolae_hepliaklqana_hippocampus, dpeg_oklobed_lair,
          serial_shops, shop
D:9:      layout_basic, uniq_erolcha
D:10:     layout_basic, nemelex_spade_bored_becter
D:11:     layout_stronghold, zombieorc2_lemuel
D:12:     layout_basic, gauntlet_entry_generic, serial_curves, eino_curves_01,
          eino_curves_03, hellmonk_guarded_unrand_seven_league_boots
D:13:     dreamdust_experimentation, layout_loops_corners, uniq_jorgrun,
          uniq_maurice
D:14:     layout_cave_pods, grunt_vaults_entry_fortified, roderic_lattice_a,
          serial_park_tiny_2, chequers_jeans, uniq_roxanne
Temple:   nicolae_temple_hex_pool
Lair:1:   layout_misc_corridors, worms_lemuel, serial_bayou_shore_b
Lair:2:   layout_loops_ring, serial_bayou_pond_b
Lair:3:   layout_cave_pods, basic_altar, grunt_megastairs_5, lemuel_fruit_fields
Lair:4:   layout_regular_city, palyth_hydra_swamp_entry,
          minmay_snake_entry_guardpost_medium, gammafunk_ghost_split,
          grunt_megastairs_2, uniq_snorg, uniq_kirke
Lair:5:   layout_misc_corridors, minmay_slime_entry_oklob_enclosed,
          ebering_ghost_rock_garden, lemuel_fruit_tree, uniq_urug
Lair:6:   cheibrodos_lair_end_hotspot, layout_regular_city, serial_bayou_ford_a
Swamp:1:  layout_basic_swamp, evilmike_swamp_ruin_house_3, swamp_pool4
Swamp:2:  nzn_winding_woodlands_cross [nzn_winding_woodlands_5x15_split_checker,
          nzn_winding_woodlands_5x15_garden, nzn_winding_woodlands_5x15_pool,
          nzn_winding_woodlands_5x15_pathside_ponds,
          nzn_winding_woodlands_15x15_thick_spiral], layout_basic_swamp,
          hangedman_swamp_cone, swamp_pool4, nicolae_swamp_wisp_ring_woods
Swamp:3:  layout_basic_swamp, nicolae_swamp_small_spring, uniq_bai_suzhen,
          uniq_aizul, uniq_mlioglotl
Swamp:4:  swamp, layout_basic_swamp, uniq_nikola
Snake:1:  layout_cave_pods, serial_shops, shop, nicolae_diamond_shop, shop,
          nicolae_shop_trees, nicolae_snake_gridmaze_big_u
Snake:2:  layout_layer_cave, grunt_ministairs_13
Snake:3:  layout_misc_corridors, basic_altar, minmay_shoptagon
Snake:4:  minmay_snake_end_coiled, layout_misc_corridors, serial_shops,
          nicolae_shop_trees
Orc:1:    dreamdust_under_siege, layout_diamond_mine
Orc:2:    kennysheep_orc_mage_school, layout_diamond_mine, uniq_saint_roka

Skill      XL: |  1  2  3  4  5  6  7  8  9 10 11 12 13 14 15 16 17 18 |
---------------+-------------------------------------------------------+-----
Stealth        | 1 2 3 5 9 10 | 10.0
Poison Magic   | 1 2 |  2.0
Unarmed Combat | 4 5 6 8 9 10 12 13 | 13.8
Fighting       | 2 4 6 7 8 9 10 12 13 14 17 | 17.2
Dodging        | 3 4 6 7 8 9 10 12 13 | 13.8
Ice Magic      | 3 6 7 |  7.0
Transmutations | 3 6 7 8 10 11 12 | 12.1
Invocations    | 5 8 11 13 | 13.0
Earth Magic    | 6 10 | 10.0
Spellcasting   | 4 5 |  5.0
Shields        | 3 5 |  5.1

Action                   |  1- 3 |  4- 6 |  7- 9 | 10-12 | 13-15 | 16-18 || total
-------------------------+-------+-------+-------+-------+-------+-------++-------
Melee: Unarmed           |    78 |    88 |   305 |   348 |   928 |   486 ||  2233
       Constrict         |    23 |    17 |    38 |     5 |     3 |    60 ||   146
       Kick              |    18 |    25 |    35 |     4 |       |       ||    82
       Tentacles         |    19 |    24 |    48 |     3 |     6 |   133 ||   233
       Punch             |     2 |       |     4 |     2 |     1 |    60 ||    69
 Cast: Beastly Appendage |    28 |    18 |    31 |     2 |       |       ||    79
       Spider Form       |       |     1 |    24 |     1 |       |       ||    26
       Ice Form          |       |       |       |    59 |   146 |       ||   205
       Ozocubu's Armour  |       |       |       |    26 |    26 |       ||    52
       Wereblood         |       |       |       |     2 |    15 |     2 ||    19
       Statue Form       |       |       |       |       |       |   136 ||   136
       Leda's Liquefacti |       |       |       |       |       |     2 ||     2
Invok: Step From Time    |       |       |       |     1 |     5 |     8 ||    14
       Slouch            |       |       |       |       |    10 |     5 ||    15
Evoke: Wand              |       |       |       |       |     1 |       ||     1
  Use: Scroll            |       |     6 |     7 |     7 |    23 |    24 ||    67
       Potion            |       |     1 |     2 |     4 |     8 |    16 ||    31
 Stab: Sleeping          |     8 |     7 |    13 |     3 |    13 |    14 ||    58
       Distracted        |       |       |       |     1 |     1 |     1 ||     3
Armor: Skin              |     8 |    10 |     8 |   112 |   137 |   330 ||   605
Dodge: Dodged            |    51 |    46 |   259 |   436 |  1269 |   944 ||  3005
Block: Other             |       |       |       |       |    33 |   137 ||   170
       Reflection        |       |       |       |       |     3 |    30 ||    33
       Buckler           |       |       |       |       |       |   181 ||   181

Table legend: (Time is in decaauts)
 A = Elapsed time spent in this place.
 B = Non-inter-level travel time spent in this place.
 C = Inter-level travel time spent in this place.
 D = Time resting spent in this place.
 E = Time spent auto-exploring this place.
 F = Levels seen in this place.
 G = Mean time per level.
                   A        B        C        D        E       F      G
               +--------+--------+--------+--------+--------+-----+--------+
         Total |  65049 |  59703 |   5346 |   8979 |  41528 |  32 | 2032.8 |
       Dungeon |  25487 |  23206 |   2281 |   2734 |  17485 |  14 | 1820.5 |
        Temple |     74 |     66 |      8 |      0 |     56 |   1 |   74.0 |
          Lair |  15131 |  13665 |   1466 |   2250 |   9661 |   6 | 2521.8 |
         Swamp |   8444 |   8231 |    213 |   1516 |   4976 |   4 | 2111.0 |
     Snake Pit |  11550 |  10634 |    916 |   1894 |   7130 |   4 | 2887.5 |
  Orcish Mines |   3130 |   2671 |    459 |    368 |   1741 |   2 | 1565.0 |
      Gauntlet |   1231 |   1231 |      0 |    216 |    476 |   1 | 1231.0 |
               +--------+--------+--------+--------+--------+-----+--------+

Top non-repeatable levels by time:
 Swamp:2: 3824 daAuts
 Snake:1: 3726 daAuts
  Lair:6: 3538 daAuts
 Snake:2: 3538 daAuts
    D:11: 2972 daAuts
  Lair:4: 2626 daAuts
    D:14: 2618 daAuts
  Lair:5: 2594 daAuts
   Orc:1: 2553 daAuts
    D:13: 2533 daAuts
  Lair:2: 2511 daAuts
 Swamp:3: 2441 daAuts
 Snake:4: 2430 daAuts
     D:9: 2187 daAuts
     D:6: 2019 daAuts
